 Dungeon Crawl Stone Soup version 0.15-a0-1968-gb423ccb (webtiles) character file.

16811 MrRokkomies the Ripper (level 12, -1/59 HPs)
             Began as a Felid Skald on July 8, 2014.
             Was an Elder of Yredelemnul.
             Slain by a black mamba (17 damage)
             ... on Level 7 of the Lair of Beasts on July 10, 2014.
             The game lasted 01:57:22 (23649 turns).

MrRokkomies the Ripper (Felid Skald)               Turns: 23649, Time: 01:57:22

HP  -1/59        AC  4     Str 11      XL: 12   Next: 13%
MP  14/26        EV 29     Int 15      God: Yredelemnul [****..]
Gold 915         SH  0     Dex 19      Spells:  7 memorised,  1 level left
Lives: 0, deaths: 3

rFire  . . .     SeeInvis +       - Unarmed
rCold  + . .     Clarity  .     (armour unavailable)
rNeg   + . .     rCorr    .     (shield unavailable)
rPois  .         rRot     .     (helmet unavailable)
rElec  .         Spirit   .     (cloak unavailable)
SustAb .         Warding  .     (gloves unavailable)
rMut   .         Stasis   .     (boots unavailable)
Gourm  .                        h - amulet of rage
MR     +....                    O - +3 ring of dexterity
                                p - ring of positive energy

@: lethally poisoned, very slightly contaminated, quick, somewhat resistant to
hostile enchantments, unstealthy
A: paw claws, no armour, no weapons or thrown items, fangs 3, rugged brown
scales 1, see invisible, carnivore 3, speed 1, high mp 1, shaggy fur 3, slow
metabolism 1, jump 3
a: Jump Attack, Animate Dead, Recall Undead Slaves, Injury Mirror, Drain Life,
Renounce Religion, Evoke Berserk Rage


You were on level 7 of the Lair of Beasts.
You worshipped Yredelemnul.
Yredelemnul was greatly pleased with you.
You were not hungry.

You visited 3 branches of the dungeon, and saw 18 of its levels.

You collected 985 gold pieces.
You spent 70 gold pieces at shops.

Inventory:

Magical devices
 f - a wand of fire (2)
 g - a wand of invisibility (2)
 k - a wand of draining (6)
 s - a wand of draining (3)
 u - a wand of fire (7)
 v - a wand of magic darts (2)
 w - a wand of enslavement (5)
 y - a wand of lightning (1)
 B - a wand of flame (5)
 E - a wand of fireball (4)
 F - a wand of disintegration (4)
 J - a wand of teleportation (1)
 Q - a wand of fireball (4)
Comestibles
 d - 5 meat rations
 I - a beef jerky
 M - a royal jelly
 P - 2 slices of pizza
Scrolls
 c - a scroll of blinking
 i - 5 scrolls of remove curse
 j - 4 scrolls of immolation
 o - a scroll of fear
 q - 4 scrolls of teleportation
 A - a scroll of fog
 G - 3 scrolls of magic mapping
Jewellery
 h - an amulet of rage (around neck)
 p - a ring of positive energy (left paw)
 O - a +3 ring of dexterity (right paw)
Potions
 a - a potion of invisibility
 b - a potion of might
 e - 2 potions of brilliance
 l - a potion of restore abilities
 m - a potion of cancellation
 n - a potion of flight
 r - a potion of cure mutation
 z - a potion of haste
 C - 2 potions of magic
 D - a potion of agility
Books
 x - a book of Necromancy

   Spells                             Type                      Level
   Pain                               Necromancy                   1
   Animate Skeleton                   Necromancy                   1
   Vampiric Draining                  Necromancy                   3
   *Regeneration                      Charms/Necromancy            3
   Animate Dead                       Necromancy                   4
   Control Undead                     Necromancy                   4
 H - a book of Callings

   Spells                             Type                      Level
   Summon Small Mammal                Summoning                    1
   *Call Imp                          Summoning                    2
   Call Canine Familiar               Summoning                    3
   Summon Guardian Golem              Hexes/Summoning              4
   Summon Lightning Spire             Summoning/Air                4
   Summon Ice Beast                   Ice/Summoning                4
 N - a book of Party Tricks

   Spells                             Type                      Level
   Summon Butterflies                 Summoning                    1
   Apportation                        Translocation                1
   *Blink                             Translocation                2
   Tukima's Dance                     Hexes                        3
   Alistair's Intoxication            Transmutation/Poison         4
Miscellaneous
 t - a stone of tremors


   Skills:
 - Level 10.0 Fighting
 - Level 12.1 Dodging
 + Level 15.5 Unarmed Combat
 - Level 2.0 Spellcasting
 - Level 4.1 Charms
 * Level 4.1 Summonings
 - Level 2.0 Translocations
 - Level 5.2 Invocations


You had one spell level left.
You knew the following spells:

 Your Spells              Type           Power        Failure   Level  Hunger
a - Infusion              Chrm           ##....       4%          1    #......
b - Shroud of Golubria    Chrm/Tloc      ##........   12%         2    ###....
c - Song of Slaying       Chrm           ##......     8%          2    ###....
d - Regeneration          Chrm/Necr      #.........   30%         3    ####...
e - Call Imp              Summ           ##......     8%          2    ###....
f - Swiftness             Chrm/Air       #.......     14%         2    ###....
g - Blink                 Tloc           N/A          14%         2    ###....


Dungeon Overview and Level Annotations

Branches:
Dungeon (10/15)            Temple (1/1) D:6             Orc (0/4) D:9
   Lair (7/8) D:10         Shoals (0/5) Lair:4        Snake (0/5) Lair:6
  Slime: Lair:6-8

Altars:
Ashenzari
Cheibriados
Dithmenos
Elyvilon
Fedhas
Gozag
Kikubaaqudgha
Makhleb
Nemelex Xobeh
Okawaru
Qazlal
Sif Muna
Trog
Vehumet
Xom
Yredelemnul
Zin
The Shining One
Beogh

Shops:
D:4 !(


Innate Abilities, Weirdness & Mutations

You cannot wear armour.
You are incapable of wielding weapons or throwing items.
Your paws have sharp claws.
You have razor-sharp teeth.
You have supernaturally acute eyesight.
You are carnivorous and can eat meat at any time.
You cover ground quickly.
Your thick and shaggy fur keeps you warm (AC +3, rC+).
You have a slow metabolism.
You can jump attack at a long distance.
You are partially covered in rugged brown scales (AC +1, +3% HP).
You have an increased reservoir of magic (+10% MP).


Message History

The yak completely misses your flying skull.
Your spiny frog zombie closely misses the yak.
The black mamba closely misses your flying skull.
Your flying skull misses the black mamba.
Your flying skull hits the yak!
Drink which item? (? for menu, Esc to quit)
Rugged brown scales grow over part of your body.
You feel fantastic!
You feel sick.
The black mamba bites your flying skull!
The yak gores your spiny frog zombie!
Your spiny frog zombie is destroyed!
Your flying skull closely misses the black mamba.
Your flying skull hits the yak!
The yak dies!
Yredelemnul accepts your slave's kill.
The black mamba barely misses your flying skull.
You swap places.
You feel sick. The yak misses your flying skull. The black mamba bites you!
You die...
Your body rises from the dead as a mindless zombie.

#+# .#.....# ...
##.......##..
#...#..#..#.. .
..#......#..#%
...
.#..$........#
....
.........#..#Y.#
#..♣.♣.#zY.##.♣.#
#.....z.@SY......
#...<.zz#..+.(<.♣
#....z.W#..# .
##.♣.♣Z##./#
#........# .##
#......... %.
....#....zW.#
#...##....## #..
....#.


You could see a black mamba (bleeding), 3 yaks, a friendly wraith, 5 friendly
flying skulls and a friendly water moccasin zombie.

Vanquished Creatures
  Fannar (D:10)
  A hydra (Lair:7)
  Erica (D:10)
  An unseen horror (D:10)
  Erolcha (D:10)
  Pikel (D:7)
  3 black mambas
  4 spiny frogs
  3 komodo dragons
  2 feature mimics
  Grinder (D:5)
  8 blink frogs
  Prince Ribbit (D:6)
  A basilisk (Lair:2)
  A wyvern (D:10)
  A deep elf mage (D:9)
  20 yaks
  A hungry ghost (D:10)
  13 wolves
  6 hippogriffs
  A naga (Lair:6)
  Menkaure (D:5)
  A soldier ant (D:10)
  Edmund (D:7)
  11 water moccasins
  3 orc warriors
  2 sky beasts
  3 black bears
  2 sharks (Lair:4)
  2 porcupines
  2 necrophages
  The ghost of Econoterrorist the Slasher, an average DsAK of Lugonu (D:3)
  2 centaurs
  7 crocodiles
  7 ogres
  3 ice beasts
  Duvessa (D:8)
  12 giant frogs
  A gnoll sergeant (D:7)
  A big kobold (D:10)
  5 scorpions
  10 killer bees
  2 eyes of draining (D:10)
  2 electric eels
  A goliath beetle (D:6)
  4 crimson imps
  Dowan (D:8)
  5 hounds
  A quasit (D:6)
  6 jellies
  An elf zombie (D:8)
  2 giant frog skeletons
  8 iguanas
  9 orc wizards
  6 orange rats (Lair:6)
  Natasha (thrice) (D:3)
  5 orc priests
  11 worker ants
  3 sheep (Lair:4)
  Ijyb (D:6)
  A big kobold zombie (D:8)
  A mummy (D:10)
  6 gnolls
  4 green rats
  An orc skeleton (D:5)
  An inept feature mimic (D:3)
  2 shadow imps
  13 adders
  2 giant mites
  2 worms
  11 giant geckos
  An ooze (D:4)
  36 orcs
  A ball python (D:2)
  A bat skeleton (D:4)
  8 giant cockroaches
  21 hobgoblins
  10 jackals
  19 kobolds
  15 quokkas
  16 bats
  13 giant newts
  16 goblins
  An orc zombie (D:10)
  2 quokka skeletons
  9 rats
  A rat zombie (D:7)
435 creatures vanquished.

Vanquished Creatures (collateral kills)
  A ravenous feature mimic (Lair:6)
  A wizard (D:10)
  A black mamba (Lair:2)
  4 spiny frogs
  6 blink frogs
  2 hippogriffs
  8 yaks
  5 wolves
  A water moccasin (Lair:3)
  A porcupine (Lair:1)
  A boring beetle (Lair:6)
  A crocodile (Lair:4)
  4 giant frogs
  An electric eel (Lair:3)
  A killer bee (D:9)
  2 iguanas
  2 sheep (Lair:4)
  5 green rats (Lair:2)
  An adder (D:8)
  2 orcs (D:8)
  A butterfly (Lair:2)
51 creatures vanquished.

Vanquished Creatures (others)
  A spiny frog zombie (Lair:7)
  An ice beast (D:10)
  A blink frog zombie (Lair:4)
  2 water moccasin zombies (Lair:4)
  2 yak zombies
  2 wights (Lair:4)
  A wolf zombie (Lair:2)
  A giant frog zombie (Lair:4)
  An ogre zombie (D:9)
  A mummy (Lair:4)
  A goblin (D:7)
  2 orc zombies (D:10)
  A quokka zombie (Lair:3)
17 creatures vanquished.

Grand Total: 503 creatures vanquished

Notes
Turn   | Place    | Note
--------------------------------------------------------------
     0 | D:1      | MrRokkomies, the Felid Skald, began the quest for the Orb.
     0 | D:1      | Reached XP level 1. HP: 9/9 MP: 4/4
   202 | D:1      | Reached skill level 4 in Charms
   281 | D:1      | Reached XP level 2. HP: 5/13 MP: 2/5
   285 | D:1      | Learned a level 2 spell: Shroud of Golubria
   288 | D:1      | Learned a level 2 spell: Song of Slaying
   799 | D:1      | Reached skill level 1 in Translocations
   858 | D:1      | Reached XP level 3. HP: 13/16 MP: 8/8
  1251 | D:2      | Gained mutation: You have an increased reservoir of magic (+10% MP). [potion of beneficial mutation]
  1470 | D:2      | Reached XP level 4. HP: 19/19 MP: 0/11
  2486 | D:3      | Noticed Natasha
  2486 | D:3      | Noticed an ice beast
  2486 | D:3      | Noticed Econoterrorist's ghost (average DsAK)
  3052 | D:4      | Found Lagay's Antique Weapon Shop.
  3171 | D:4      | Reached XP level 5. HP: 13/23 MP: 4/13
  3569 | D:4      | Reached skill level 5 in Unarmed Combat
  3812 | D:5      | Entered Level 5 of the Dungeon
  4062 | D:4      | Gained mutation: You are covered in thick fur (AC +2). [growing up]
  4062 | D:4      | Gained mutation: You can jump attack at a medium distance. [growing up]
  4062 | D:4      | Reached XP level 6. HP: 18/28 MP: 8/15
  4239 | D:4      | Learned a level 3 spell: Regeneration
  4276 | D:4      | Found Houdiu's Distillery.
  4439 | D:4      | Bought a potion of heal wounds for 42 gold pieces
  4439 | D:4      | Bought a potion of curing for 28 gold pieces
  5379 | D:5      | Reached skill level 6 in Unarmed Combat
  5711 | D:5      | Reached XP level 7. HP: 26/32 MP: 18/18
  5841 | D:5      | Noticed Grinder
  6152 | D:5      | Noticed Menkaure
  6160 | D:5      | Killed Menkaure
  6219 | D:5      | Reached skill level 5 in Fighting
  6686 | D:6      | Noticed Ijyb
  6699 | D:6      | Killed Ijyb
  6826 | D:6      | Reached skill level 7 in Unarmed Combat
  7237 | D:6      | Reached XP level 8. HP: 22/38 MP: 14/19
  7912 | D:6      | Noticed Prince Ribbit
  7979 | D:6      | Killed Prince Ribbit
  8487 | D:6      | Slain by a goliath beetle
  8488 | D:6      | Reached XP level 7. HP: -1/36 MP: 10/18
  8607 | D:6      | Found a staircase to the Ecumenical Temple.
  8619 | D:6      | Reached skill level 8 in Unarmed Combat
  8626 | Temple   | Entered the Ecumenical Temple
  8850 | Temple   | Became a worshipper of Yredelemnul the Dark
  9047 | D:7      | Reached XP level 8. HP: 32/40 MP: 12/19
  9596 | D:7      | Noticed Edmund
  9615 | D:7      | Killed Edmund
  9668 | D:7      | Noticed Pikel
  9678 | D:7      | Killed Pikel
  9678 | D:7      | Reached skill level 9 in Fighting
  9678 | D:7      | Reached XP level 9. HP: 45/45 MP: 1/20
 10161 | D:5      | Paralysed by Grinder for 4 turns
 10170 | D:5      | Killed Grinder
 10222 | D:4      | Acquired Yredelemnul's first power
 10262 | D:3      | Killed Econoterrorist's ghost
 10310 | D:3      | Killed Natasha
 10494 | D:3      | Noticed Natasha
 10532 | D:3      | Killed Natasha
 10684 | D:3      | Noticed Natasha
 10687 | D:3      | Killed Natasha
 10924 | D:8      | Reached skill level 10 in Unarmed Combat
 11103 | D:8      | Reached skill level 10 in Fighting
 11263 | D:8      | Noticed Duvessa
 11263 | D:8      | Noticed Dowan
 11269 | D:8      | Killed Duvessa
 11343 | D:8      | Acquired Yredelemnul's second power
 11353 | D:8      | Killed Dowan
 11434 | D:8      | Upgraded the game from 0.15-a0-1936-gbed3715 to 0.15-a0-1968-gb423ccb
 11901 | D:8      | Found a glowing golden altar of the Shining One.
 12093 | D:9      | Reached skill level 5 in Dodging
 12093 | D:9      | Reached XP level 10. HP: 43/49 MP: 17/23
 12344 | D:9      | Killed from afar by a deep elf mage
 12345 | D:9      | Reached XP level 9. HP: -15/41 MP: 19/20
 12881 | D:9      | Found a staircase to the Orcish Mines.
 13177 | D:9      | Found a roughly hewn altar of Beogh.
 14088 | D:10     | Entered Level 10 of the Dungeon
 14088 | D:10     | Found a staircase to the Lair.
 14088 | D:10     | Noticed a komodo dragon
 14093 | D:10     | Noticed Fannar
 14192 | D:9      | Killed a komodo dragon
 14192 | D:9      | Acquired Yredelemnul's third power
 14192 | D:9      | Reached skill level 11 in Unarmed Combat
 14252 | D:9      | Reached XP level 10. HP: 32/51 MP: 1/23
 14441 | D:10     | Noticed an unseen horror
 14451 | D:10     | Killed an unseen horror
 14458 | D:10     | Reached skill level 10 in Dodging
 14664 | D:10     | Noticed Erica
 14678 | D:10     | Killed Erica
 14866 | D:10     | HP: 1/51 [ice beast[Fannar] (3)]
 14871 | D:10     | Killed Fannar
 15547 | D:10     | Noticed Erolcha
 15559 | D:10     | Killed Erolcha
 15559 | D:10     | Reached skill level 12 in Dodging
 15559 | D:10     | Reached XP level 11. HP: 19/54 MP: 20/23
 15857 | D:10     | Noticed a wizard
 15915 | D:10     | Killed a wizard
 15915 | D:10     | Reached skill level 1 in Invocations
 16111 | D:10     | Learned a level 2 spell: Call Imp
 16114 | D:10     | Learned a level 2 spell: Swiftness
 16211 | Lair:1   | Entered Level 1 of the Lair of Beasts
 16574 | Lair:1   | Acquired Yredelemnul's fourth power
 18170 | Lair:2   | Reached skill level 13 in Unarmed Combat
 18350 | Lair:2   | Received a gift from Yredelemnul
 19117 | Lair:3   | Found a staircase to the Snake Pit.
 19128 | Lair:3   | the staircase to the Snake Pit was a mimic.
 19145 | Lair:3   | Reached skill level 5 in Invocations
 19148 | Lair:3   | Received a gift from Yredelemnul
 19576 | Lair:3   | Gained mutation: Your thick and shaggy fur keeps you warm (AC +3, rC+). [growing up]
 19576 | Lair:3   | Gained mutation: You can jump attack at a long distance. [growing up]
 19576 | Lair:3   | Reached XP level 12. HP: 58/58 MP: 26/26
 20233 | Lair:4   | Found a staircase to the Shoals.
 20256 | Lair:4   | Killed from afar by an electric eel
 20257 | Lair:4   | Reached XP level 11. HP: -11/54 MP: 25/25
 20561 | Lair:4   | Reached skill level 14 in Unarmed Combat
 20561 | Lair:4   | Reached skill level 1 in Summonings
 20570 | Lair:4   | Received a gift from Yredelemnul
 22465 | Lair:5   | Learned a level 2 spell: Blink
 22816 | Lair:6   | Reached skill level 15 in Unarmed Combat
 23068 | Lair:6   | Found a staircase to the Snake Pit.
 23108 | Lair:6   | Received a gift from Yredelemnul
 23277 | Lair:6   | Killed a ravenous staircase mimic
 23622 | Lair:7   | Reached XP level 12. HP: 53/58 MP: 19/26
 23627 | Lair:7   | Noticed a four-headed hydra
 23631 | Lair:7   | Killed a four-headed hydra
 23631 | Lair:7   | Received a gift from Yredelemnul
 23648 | Lair:7   | Gained mutation: You are partially covered in rugged brown scales (AC +1, +3% HP). [potion of beneficial mutation]
 23649 | Lair:7   | Slain by a black mamba

Action                   |  1- 3 |  4- 6 |  7- 9 | 10-12 || total
-------------------------+-------+-------+-------+-------++-------
Melee: Unarmed           |   103 |   248 |   570 |   653 ||  1574
 Cast: Infusion          |     6 |    21 |    53 |    37 ||   117
       Shroud of Golubri |     5 |    26 |    59 |    56 ||   146
       Song of Slaying   |       |     3 |     7 |     5 ||    15
       Regeneration      |       |       |    14 |    20 ||    34
Invok: Animate Remains   |       |       |     2 |       ||     2
       Animate Dead      |       |       |     1 |    19 ||    20
       Drain Life        |       |       |       |     2 ||     2
 Abil: Jump Attack       |       |     7 |    16 |     5 ||    28
       Evoke Berserk Rag |       |       |       |     1 ||     1
Evoke: Wand              |       |     1 |    20 |    27 ||    48
  Use: Scroll            |     7 |     6 |    11 |    14 ||    38
       Potion            |     1 |     2 |     3 |     4 ||    10
 Stab: Sleeping          |     1 |     1 |     4 |     3 ||     9
       Invisible         |       |       |     9 |       ||     9
       Distracted        |       |       |     1 |     9 ||    10
  Eat: Chunk             |     6 |    15 |    34 |    33 ||    88
       Meat ration       |       |       |       |     1 ||     1
